 Dungeon Crawl Stone Soup version 0.30.0-11-gf55b779eaf (webtiles) character file.

Game seed: 1198477177426270641

16 monsoonserge the Trooper (level 2, -1/19 HPs)
             Began as a Gargoyle Cinder Acolyte on May 16, 2023.
             Was a High Priest of Ignis.
             Slain by a frilled lizard (2 damage)
             ... on level 1 of the Dungeon.
             The game lasted 00:01:29 (437 turns).

monsoonserge the Trooper (Gargoyle Cinder Acolyte)   Turns: 437, Time: 00:01:30

Health: -1/19      AC:  5    Str: 17    XL:     2   Next: 54%
Magic:  1/3        EV: 11    Int: 14    God:    Ignis [*****.]
Gold:   15         SH:  0    Dex:  5    Spells: 1/3 levels left

rFire   + . .        a - -1 mace (flame)
rCold   . . .        (no shield)
rNeg    + . .        c - +0 leather armour
rPois   ∞            (no helmet)
rElec   +            (no cloak)
rCorr   .            (no gloves)
SInv    .            (no boots)
Will    .....        (no amulet)
Stlth   +            (no ring)
HPRegen 0.23/turn    (no ring)
MPRegen 0.08/turn

%: no passive effects
@: no status effects
A: sickness immunity, AC +2, negative energy resistance 1, electricity
resistance, torment resistance 1, petrification resistance
a: Renounce Religion, Fiery Armour, Foxfire Swarm, Rising Flame


You were on level 1 of the Dungeon.
You worshipped Ignis.
Ignis was extremely pleased with you.
You visited 1 branch of the dungeon, and saw 1 of its levels.

You collected 15 gold pieces.

Inventory:

Hand Weapons
 a - a -1 mace of flaming (weapon)
Armour
 c - a +0 leather armour (worn)
Scrolls
 b - a scroll of identify {unknown}
Potions
 d - a potion of heal wounds {unknown}


   Skills:
 + Level 3.5 Fighting
 + Level 3.1 Maces & Flails
 * Level 0.8 Armour
 + Level 0.1 Dodging
 - Level 1.0 Spellcasting
 + Level 3.3 Fire Magic


You had one spell level left.
You knew the following spells:

 Your Spells              Type           Power      Damage    Failure   Level
a - Scorch                Fire           20%        2d5       12%         2

Your spell library contained the following spells:

 Spells                   Type           Power      Damage    Failure   Level


Dungeon Overview and Level Annotations

Branches:
Dungeon (1/15)

Altars:


Innate Abilities, Weirdness & Mutations

You are immune to sickness and miasma.
Your stone body is resilient. (AC +2)
You are immune to poison.
You resist negative energy. (rN+)
You are resistant to electric shocks. (rElec)
You are resistant to unholy torment.
You are immune to petrification.


Message History

The jackal closely misses you. The jackal barely misses you.
The jackal closely misses you. The jackal bites you.
You hit the jackal. You burn the jackal.
You kill the jackal!
The jackal closely misses you. The jackal bites you.
The jackal closely misses you. The jackal bites you.
The jackal attacks as you move away! The jackal closely misses you.
The jackal attacks as you move away! The jackal bites you. The rat misses you.
Casting: Scorch (safe; 12% risk of failure)
Confirm with . or Enter, or press ? or * to list all spells.
Flames lash the jackal.
You kill the jackal!
The rat bites you but does no damage.
You closely miss the frilled lizard. The jackal closely misses you.
The jackal bites you.
* * * LOW HITPOINT WARNING * * *
The rat bites you.
* * * LOW HITPOINT WARNING * * *
The frilled lizard closely misses you. The bat barely misses you.
You barely miss the bat. The bat hits you but does no damage.
The jackal misses you. The rat misses you.
The frilled lizard completely misses you.
The jackal bites you but does no damage.
The rat attacks as you move away! The rat closely misses you.
The jackal attacks as you move away!
The jackal bites you but does no damage.
The bat closely misses you. The frilled lizard barely misses you.
Unknown command.
The bat completely misses you. The jackal barely misses you.
You barely miss the bat. The bat completely misses you.
The bat hits you but does no damage. The rat bites you but does no damage.
The frilled lizard bites you but does no damage.
The jackal barely misses you. The rat closely misses you.
The frilled lizard bites you but does no damage.
The jackal bites you.
* * * LOW HITPOINT WARNING * * *
You closely miss the frilled lizard. The jackal bites you.
* * * LOW HITPOINT WARNING * * *
The rat closely misses you. The frilled lizard bites you.
You die...

................
...............
#...........$.. #..........##
............# #.
.....###....# #.
.....###....# #. . ....#.rl.#
#.# #...#.h@.###.###########
#...#.lb........).......
#...#..........#########
#...#..........# #
#...#..........# #
#...'..........# #
#...#..........#########
####..#..........'......##
..##....##..........######.##


You could see a jackal, a bat, 2 frilled lizards and a rat.

Vanquished Creatures
  A dart slug (D:1)
  2 endoplasms (D:1)
  A giant cockroach (D:1)
  A hobgoblin (D:1)
  3 jackals (D:1)
  A ball python (D:1)
  3 kobolds (D:1)
12 creatures vanquished.

Notes
Turn   | Place    | Note
-------+----------+-------------------------------------------
     0 | D:1      | monsoonserge the Gargoyle Cinder Acolyte began the quest
                  | for the Orb.
     0 | D:1      | Reached XP level 1. HP: 14/14 MP: 2/2
   288 | D:1      | Reached XP level 2. HP: 19/19 MP: 3/3
   305 | D:1      | Learned a level 2 spell: Scorch
   437 | D:1      | Slain by a frilled lizard

Illustrated notes

Levels and vault maps discovered:
D:1:      elethiomel_arrival_quiet, layout_basic

Action                     || total
---------------------------++-------
  Melee: Mace              ||    41
   Cast: Scorch            ||     1
 Armour: Leather armour    ||    30
  Dodge: Dodged            ||    52
